Map: Frost LE

Players

Fropez

  • Race: Protoss Protoss
  • League: Silver
  • Spawn Location: 1:00

MADDKAT - Winner!

  • Race: Zerg Zerg
  • League: Silver
  • Spawn Location: 11:00

VOD

Have the link to the VOD?

Description

Time

  • Played on: June 7, 2016, 5:25 p.m.
  • Length: 11:42
Show
View Real Time Build Order
Export as new Build Order

Fropez Protoss 

Build Orders: Mass Adepts 

Get SALT Encoding   

  12  0:01  Probe (Chrono Boost)  
  13  0:16  Pylon  
  13  0:18  Probe (Chrono Boost)  
  14  0:29  Probe (Chrono Boost)  
  15  0:36  Gateway  
  15  0:40  Probe (Chrono Boost)  
  16  0:51  Probe (Chrono Boost), Assimilator  
  17  1:01  Pylon  
  17  1:14  Probe (Chrono Boost)  
  18  1:25  Probe (Chrono Boost)  
  19  1:27  Pylon  
  19  1:28  Cybernetics Core  
  19  1:37  Probe (Chrono Boost)  
  19  1:38  Gateway  
  20  1:43  Assimilator  
  20  1:47  Probe (Chrono Boost)  
  21  1:58  Probe (Chrono Boost)  
  22  2:01  Gateway  
  23  2:08  Probe (Chrono Boost)  
  23  2:11  Warp Gate (Chrono Boost)  
  23  2:17  Adept  
  25  2:25  Adept  
  25  2:28  Probe (Chrono Boost)  
  28  2:38  Probe (Chrono Boost)  
  28  2:44  Adept  
  31  2:48  Adept  
  33  2:54  Stalker  
  35  3:01  Mothership Core  
  37  3:15  Adept  
  39  3:20  Pylon  
  39  3:31  Pylon  
  39  3:38  Adept, Probe  
  40  4:07  Twilight Council  
  38  4:10  Probe, Forge  
  38  4:14  Gateway  
  39  4:19  Pylon  
  39  4:21  Adept x2  
  43  4:27  Adept  
  45  4:53  Adept x2  
  45  4:54  Adept, Probe  
  52  5:06  Probe  
  41  5:40  Stalker  
  41  5:41  Probe, Stalker x2  
  44  5:44  Blink (Chrono Boost)  
  44  5:45  Protoss Ground Weapons Level 1 (Chrono Boost)  
  40  5:53  Probe  
  41  5:57  Nexus  
  41  6:02  Pylon  
  41  6:06  Probe  
  42  6:18  Probe  
  43  6:23  Stalker x2  
  47  6:30  Probe  
  47  6:32  Stalker x2  
  52  6:57  Pylon  
  52  7:02  Stalker x3  
  58  7:23  Probe  
  58  7:24  Probe  
  58  7:29  Gateway  
  60  7:30  Gateway  
  60  7:43  Stalker x3  
  54  8:35  Photon Cannon  
  54  8:37  Pylon  
  52  8:42  Photon Cannon  
  52  8:44  Pylon  
  52  8:46  Stalker x4  
  60  8:52  Pylon, Assimilator  
  60  8:55  Assimilator  
  60  9:00  Pylon  
  56  9:34  Pylon  
  56  9:45  Probe  
  56  9:46  Probe, Dark Shrine  
  56  9:47  Robotics Facility  
  56  9:50  Pylon  
  58  9:53  Pylon  
  58  10:00  Stalker x4  
  58  10:01  Stalker x2  
  58  10:05  Probe  
  58  10:06  Probe  
  72  10:16  Probe  
  72  10:18  Probe  
  70  10:36  Observer  
  47  11:22  Dark Templar x2  
  47  11:23  Probe  
  47  11:25  Probe  
Show
View Real Time Build Order
Export as new Build Order

MADDKAT Zerg - Winner!

Build Orders: Hatch First 

Get SALT Encoding   

  12  0:02  Drone  
  13  0:12  Drone  
  14  0:25  Overlord  
  14  0:58  Hatchery  
  14  1:01  Drone x2  
  14  1:02  Drone  
  16  1:12  Overlord  
  16  1:32  Drone  
  17  1:59  Spawning Pool  
  16  2:12  Drone  
  16  2:13  Drone x3  
  20  2:25  Drone x2  
  22  2:35  Hatchery  
  21  2:39  Drone  
  21  2:40  Drone  
  21  2:44  Drone  
  24  2:46  Queen x2  
  28  2:53  Drone  
  28  2:56  Drone  
  30  3:21  Spine Crawler x2  
  30  3:22  Queen x2, Spine Crawler  
  31  3:36  Drone x2  
  31  3:37  Drone x3  
  31  3:39  Overlord  
  36  4:13  Drone x4  
  36  4:15  Overlord x2  
  36  4:16  Drone  
  39  4:25  Queen  
  39  4:27  Drone  
  39  4:28  Overlord  
  42  4:39  Queen  
  44  4:53  Extractor  
  44  4:55  Extractor, Drone x3  
  44  4:56  Drone x3  
  44  4:58  Drone x3  
  41  5:45  Drone x4  
  41  5:46  Drone x2  
  47  5:52  Drone x2  
  47  5:53  Drone x3  
  47  5:54  Overlord  
  52  6:21  Lair  
  52  6:25  Roach Warren  
  51  6:27  Evolution Chamber x2, Extractor  
  51  6:28  Extractor  
  47  6:37  Queen  
  47  6:39  Drone  
  51  6:40  Drone x6  
  51  6:42  Overlord, Drone  
  57  6:50  Overlord x2  
  57  7:11  Zerg Missile Weapons Level 1  
  57  7:14  Roach x4  
  57  7:15  Overlord x2  
  65  7:17  Overlord  
  65  7:23  Glial Reconstitution  
  65  7:25  Roach  
  65  7:26  Hatchery  
  66  7:39  Roach x6  
  66  7:43  Overseer  
  78  7:47  Roach  
  78  7:48  Roach  
  80  8:12  Roach x4  
  84  8:13  Roach x2  
  87  8:23  Roach  
  87  8:24  Roach x5  
  95  8:45  Roach x5  
  97  9:19  Overlord x3  
  97  9:48  Roach  
  97  9:49  Evolution Chamber, Roach x6  
  97  9:50  Roach x6  
  122  10:05  Overlord  
  122  10:06  Overlord  
  122  10:32  Roach  
  122  10:33  Roach x7  
  100  11:22  Roach  
  100  11:23  Roach x12  
Tags
 
Composition
Mass Adepts
Matchup
PvZ
Replay Pack
All Mines
Spawn Locations
Close Positions
Add a new tag
Caveats
  • Supply blocks, unpowered buildings, or Contaminate may cause inaccurate times.
  • Supply counts are checked every 10 seconds.